 Dungeon Crawl Stone Soup version 0.19.4-10-g532645f (webtiles) character file.

44 Naow the Digger (level 3, 0/26 HPs)
             Began as a Draconian Earth Elementalist on Feb 25, 2017.
             Slain by a gnoll (1 damage)
             ... on level 1 of the Dungeon.
             The game lasted 00:06:06 (2289 turns).

Naow the Digger (Draconian Earth Elementalist)      Turns: 2289, Time: 00:06:07

Health: 0/26       AC:  5    Str: 10    XL:     3   Next: 39%
Magic:  5/6        EV: 12    Int: 16    God:
Gold:   146        SH:  0    Dex: 11    Spells: 2 memorised, 3 levels left

rFire  . . .     SeeInvis .     (no weapon)
rCold  . . .     Gourm    .     (armour unavailable)
rNeg   . . .     Faith    .     (no shield)
rPois  .         Spirit   .     (helmet restricted)
rElec  .         Reflect  .     (no cloak)
rCorr  .         Harm     .     (no gloves)
MR     .....                    (no boots)
Stlth  ++........               (no amulet)
                                (no ring)
                                (no ring)

@: no status effects
A: unfitting armour, cold-blooded, AC +5
a: no special abilities


You were on level 1 of the Dungeon.
You were not hungry.

You visited 1 branch of the dungeon, and saw 2 of its levels.

You collected 146 gold pieces.

Inventory:

Missiles
 b - 46 stones (quivered)
Scrolls
 a - 2 scrolls of teleportation {unknown}
 f - a scroll of fog {unknown}
 h - a scroll of magic mapping {unknown}
 k - a scroll of identify {unknown}
 l - a scroll of amnesia {unknown}
 n - a scroll of recharging {unknown}
Potions
 e - 2 potions of brilliance {unknown}
 g - a potion of heal wounds {unknown}
Books
 d - a book of Geomancy

   Spells                             Type                      Level
   a - Sandblast                      Earth                        1
   b - Passwall                       Transmutation/Earth          2
   c - Stone Arrow                    Conjuration/Earth            3
   d - Petrify                        Transmutation/Earth          4
   e - Lee's Rapid Deconstruction     Earth                        5
Comestibles
 c - 5 bread rations
 i - a beef jerky
 j - a chunk of flesh
 m - a royal jelly


   Skills:
 - Level 1.7 Dodging
 - Level 1.7 Stealth
 + Level 2.5 Spellcasting
   Level 1.0 Transmutations
 * Level 4.1 Earth Magic


You had 3 spell levels left.
You knew the following spells:

 Your Spells              Type           Power        Failure   Level  Hunger
a - Sandblast             Erth           ###...       4%          1    #......
b - Stone Arrow           Conj/Erth      #.....       28%         3    ###....


Dungeon Overview and Level Annotations

Branches:
Dungeon (2/15)

Altars:
Cheibriados
Fedhas
Makhleb
Xom
Yredelemnul
The Shining One


Innate Abilities, Weirdness & Mutations

Your plain brown scales are hard. (AC +5)
You cannot fit into any form of body armour.
You are cold-blooded and may be slowed by cold attacks.


Message History

* * * LOW HITPOINT WARNING * * *
The bat barely misses you.
The kobold throws a stone.
The stone hits you but does no damage.
You see here a stone.
The bat closely misses you. The adder misses you. x2
The kobold throws a stone.
The stone misses you.
The stone hits the gnoll.
The bat barely misses you. x2
The bat hits you but does no damage. The bat barely misses you.
There is a stone staircase leading up here.
The bat closely misses you. The adder bites you but does no damage.
The gnoll hits you.
* * * LOW HITPOINT WARNING * * *
The adder bites you but does no damage.
You climb upwards.
There is a stone staircase leading down here.
The gnoll hits you.
* * * LOW HITPOINT WARNING * * *
The gnoll hits you.
You die...

#.....#......#
##...###)##### #####
#.# ######### #.#####
........## #####
#.....# #..####..#
#...###### #.###.##
#.##..##.# #.>......#
#.##.... ..#).).#.#
###Sg.####.###.##..##
)..(#..#.# ##.##@##
#.........#
#..##.##.###...#.#
###.....#.#
####..#..##......#
##...##.#
........####...###
##.###.# #..######
##.## #.....# #.#####
#.# #.##### ......#
#.# ##'## #.#.#.#
#.##### ##...## #
#.#.#.# #.....#
##.....## #


You could see a gnoll and an adder.

Vanquished Creatures
  A gnoll (D:2)
  An ooze (D:1)
  A worm (D:2)
  A leopard gecko (D:2)
  A ball python (D:2)
  4 bats
  4 goblins
  5 hobgoblins
  3 kobolds (D:1)
  2 frilled lizards (D:1)
  A rat (D:1)
24 creatures vanquished.

Notes
Turn   | Place    | Note
-------+----------+-------------------------------------------
     0 | D:1      | Naow the Draconian Earth Elementalist began the quest for the Orb.
     0 | D:1      | Reached XP level 1. HP: 14/14 MP: 3/3
   617 | D:1      | Reached XP level 2. HP: 20/20 MP: 3/5
  1403 | D:2      | Reached skill level 4 in Earth Magic
  1403 | D:2      | Reached XP level 3. HP: 13/26 MP: 0/6
  1403 | D:2      | HP: 1/26 [gnoll/halberd (12)]
  1493 | D:1      | Learned a level 3 spell: Stone Arrow
  1952 | D:2      | Found a shimmering altar of Xom.
  1954 | D:2      | Found a blossoming altar of Fedhas.
  1954 | D:2      | Found a hazy altar of Hepliaklqana.
  1956 | D:2      | Found a basalt altar of Yredelemnul.
  1956 | D:2      | Found a burning altar of Makhleb.
  1956 | D:2      | Found a snail-covered altar of Cheibriados.
  2055 | D:2      | Found a glowing golden altar of the Shining One.
  2288 | D:1      | HP: 1/26 [gnoll (3)]
  2289 | D:1      | Slain by a gnoll

Skill      XL: |  1  2 |
---------------+-------+-----
Earth Magic    | 4 |  4.1
Dodging        | |  1.7
Stealth        | |  1.7
Spellcasting   | |  2.5
Transmutations | |  1.0

Action                   || total
-------------------------++-------
Melee: Unarmed           ||    33
       Tailslap          ||     5
 Cast: Sandblast         ||    41
       Stone Arrow       ||     5
  Eat: Chunk             ||     1
       Meat ration       ||     1
Armor: Skin              ||    17
Dodge: Dodged            ||    40
